[Event "Early-Titled-Tuesday-Blitz-April-23-2024"]
[Site "Chess.com"]
[Date "2024.04.23"]
[Round "5"]
[White "BallottiLuca"]
[Black "lluiss"]
[Result "1-0"]
[WhiteElo "2388"]
[BlackElo "2140"]
[TimeControl "180+1"]
[EndTime "8:58:48 PDT"]
[Termination "BallottiLuca won on time"]

1. b3 d5 2. Bb2 Bf5 3. e3 e6 4. Nf3 h6 5. c4 c6 6. Be2 Nf6 7.
Nc3 Be7 8. O-O O-O 9. d4 Nbd7 10. Rc1 Ne4 11. Nd2 Nxc3 12. Bxc3 a5 13. f3 Bg6 14. e4 dxe4 15. fxe4 Bg5 16. Bd3 Nc5 17. dxc5 Qxd3 18. Rf3 Qd7 19. Qe2 Rfd8 20. Rf2 a4 21. Rcf1 axb3 22. Nxb3 Qd3 23. Ba5 Rd7 24. Bb6 Be3 25.
Qe1 Rxa2 26. Nc1 Rxf2 27. Rxf2 Bxf2+ 28. Kxf2 Qxe4 29. Qxe4 Bxe4 30. Nb3 Rd3 31. Na5 Rd2+ 32. Ke3 Rxg2 33. Kxe4 Rxh2 34. Nxb7 Rc2 35. Kd3 Rc1 36.
Nd8 h5 37. Nxc6 h4 38. Nb4 h3 39. Bc7 f6 40. Bf4 Rd1+ 41. Ke2 Rd8 42. c6 g5 43.
Bh2 f5 44. c7 Rc8 45. Na6 f4 46. Kf3 Kf7 47. Kg4 Kf6 48. Kxh3 e5 49. Kg4 e4 50. Bg1 Ra8 51. Bb6 e3 52. Bd4+ Kg6 53. Kf3 Kf5 54. Nb4 g4+ 55. Ke2 Ke4 56. Nd5 f3+ 57. Ke1 f2+ 58. Ke2 g3 59. Nf6+ Kf5 60. c8=Q+ Rxc8 61.
Bc3 1-0

[Event "Early-Titled-Tuesday-Blitz-April-23-2024"]
[Site "Chess.com"]
[Date "2024.04.23"]
[Round "5"]
[White "DrVelja"]
[Black "YairParkhov"]
[Result "0-1"]
[WhiteElo "2982"]
[BlackElo "2751"]
[TimeControl "180+1"]
[EndTime "8:58:49 PDT"]
[Termination "YairParkhov won on time"]

1. e4 c5 2. Nf3 d6 3. d4 cxd4 4. Nxd4 Nf6 5. Nc3 a6 6. Be3 e5 7. Nb3 Be6 8. f3 Nc6 9. Qe2 h5 10. O-O-O Qc7 11. Kb1 g6 12. Qd2 Rd8 13. Qf2 Rd7 14.
Bb6 Qc8 15. Nd5 Bxd5 16. exd5 Ne7 17. c4 Bg7 18. Bd3 O-O 19. h3 Qe8 20. g4 Nc8 21. g5 Nh7 22. Be3 Ne7 23. Rhg1 Qb8 24. Be4 b5 25. c5 dxc5 26. Bxc5 Rfd8 27. d6 Nc8 28. Bc6 Rxd6 29. Bxd6 Nxd6 30. Qd2 Bf8 31.
Qd5 Qc7 32. Rge1 Rc8 33. Ba8 Nc4 34. Bb7 Rb8 35. Bc6 Rc8 36. Bd7 Rd8 37. Qc6 Qa7 38.
Be6 Qf2 39. Bxc4 Rxd1+ 40. Rxd1 bxc4 41. Qxc4 Nxg5 42. Rd7 Qxf3 43. h4 Qf5+ 44. Qd3 e4 45. Qd5 Nf3 46. Qxf5 gxf5 47. Nd4 Nxd4 48. Rxd4 Kg7 49. Kc2 Be7 50. Rd5 Kg6 51. Ra5 Bxh4 52. Rxa6+ Bf6 53. Kd2 h4 54. Ke3 h3 55. Kf2 Kg5 56.
Kg3 Bxb2 57. Kxh3 f4 58. Kg2 f3+ 59. Kg3 f5 60. Ra5 Bc3 61. Rd5 Be1+ 62. Kh2 Kf4 63.
a4 e3 64. Rd3 e2 0-1

[Event "Early-Titled-Tuesday-Blitz-April-23-2024"]
[Site "Chess.com"]
[Date "2024.04.23"]
[Round "5"]
[White "a_kandil"]
[Black "M1711"]
[Result "1-0"]
[WhiteElo "2531"]
[BlackElo "2681"]
[TimeControl "180+1"]
[EndTime "8:58:50 PDT"]
[Termination "a_kandil won by resignation"]

1. e4 e5 2. Nf3 d5 3. d4 dxe4 4.
Nxe5 Bd6 5. Nc4 Nf6 6. Nxd6+ Qxd6 7. Nc3 O-O 8. Be2 Nc6 9. Be3 Rd8 10. Bg5 Qxd4 11. Qxd4 Nxd4 12. Rc1 Bf5 13. O-O Nd5 14. Bc4 Nf6 15. Rfe1 Re8 16. Bxf6 gxf6 17. Nd5 Red8 18.
c3 Ne6 19. Ne7+ Kf8 20. Nxf5 Rd2 21. Re2 Rad8 22. Ne3 Rxe2 23. Bxe2 Nf4 24. Bf1 Rd2 25. Rc2 Rd6 26. g3 Ne6 27. Bg2 f5 28. Nxf5 Rd1+ 29.
Bf1 Ng5 30. Kg2 Nf3 31. Be2 Rg1+ 32. Kh3 Ng5+ 33. Kg4 Ne6 34. Rd2 Rg2 35. Bc4 e3 36. Nxe3 Rxh2 37. Bxe6 fxe6 38. Kf3 Ke7 39. Ng4 Rh1 40.
Re2 Ra1 41. a3 a5 42. Ke4 Rd1 43. Ne3 Rb1 44. f4 b6 45. Nc4 Kf6 46. Rh2 Kg7 47. Ne3 Re1 48. Kd4 Rb1 49. Kc4 Re1 50. Ng4 Rg1 51.
Rh3 Rg2 52. b4 a4 53. Kb5 Rc2 54. c4 Rc3 55. Kxa4 Rxc4 56. Kb5 Rc1 57. a4 Ra1 58. Ne5 Kg8 59. Rh6 Rg1 60. g4 Rf1 61. Rxe6 Rxf4 62.
a5 bxa5 63. bxa5 Rf1 64. a6 Rb1+ 65. Kc6 Rb6+ 66. Kd7 Rb5 67. a7 Ra5 68. Re8+ Kg7 69. a8=Q Rxa8 70. Rxa8 Kf6 71. Nc6 h5 72. gxh5 Kg5 73.
h6 Kxh6 74. Ke6 1-0

[Event "Early-Titled-Tuesday-Blitz-April-23-2024"]
[Site "Chess.com"]
[Date "2024.04.23"]
[Round "5"]
[White "jinxy2009"]
[Black "Dr_Pepper18"]
[Result "1/2-1/2"]
[WhiteElo "2303"]
[BlackElo "2457"]
[TimeControl "180+1"]
[EndTime "8:58:50 PDT"]
[Termination "Game drawn by repetition"]

1. e4 c5 2. Nf3 d6 3. d4 cxd4 4. Nxd4 Nf6 5. Nc3 a6 6. Bd3 e5 7. Nde2 Be7 8. O-O O-O 9. Ng3 b5 10. a4 b4 11. Nd5 Nxd5 12. exd5 f5 13. f4 e4 14. Be2 Nd7 15. Be3 Nc5 16. a5 Bf6 17.
Ra2 Rb8 18. Bc4 Kh8 19. Nh5 Bd7 20. Nxf6 Qxf6 21. Bd4 Qg6 22. b3 Bb5 23. Qe2 Rfc8 24. Bxb5 Rxb5 25. Kh1 h6 26. Rg1 Nd7 27. g4 Nf6 28. g5 hxg5 29. Rxg5 Qf7 30. Rxf5 Rxd5 31. Rxd5 Qxd5 32. Bxf6 gxf6 33. Ra1 Rg8 34. Qe3 f5 35. Qh3+ Kg7 36. Rg1+ Kf8 37. Rxg8+ Kxg8 38. Qg2+ Kf7 39. Qg5 Qd1+ 40. Kg2 Qg4+ 41. Kf2 Qxg5 42. fxg5 f4 43. h4 Kg6 44. Ke2 d5 45. Kf2 Kh5 46. Ke2 d4 47.
Kf2 Kg6 48. Ke2 Kf5 49. Kf2 d3 50. cxd3 exd3 51. Kf3 Kg6 52. Kf2 Kh5 53. Kf3 Kg6 54. Kf2 Kg7 55. h5 Kh7 56. Kf3 Kg7 57. Kf2 Kf7 58. Kf3 Ke6 59. h6 Kf7 60. Kf2 Kg6 61. Kf3 Kh7 62. Kf2 Kg6 63. Kf3 Kf7 64. Kf2 Kg6 1/2-1/2

[Event "Early-Titled-Tuesday-Blitz-April-23-2024"]
[Site "Chess.com"]
[Date "2024.04.23"]
[Round "5"]
[White "UK_23"]
[Black "Casablanca"]
[Result "1-0"]
[WhiteElo "2497"]
[BlackElo "2619"]
[TimeControl "180+1"]
[EndTime "8:58:52 PDT"]
[Termination "UK_23 won by resignation"]

1. e4 e6 2. d4 b6 3. Nd2 Bb7 4. c3 Nf6 5. Bd3 c5 6. Ngf3 Nc6 7. a3 d5 8. e5 Nd7 9. b4 a5 10. b5 Ne7 11. a4 Rc8 12. O-O g6 13. Qe2 h5 14. Re1 Nf5 15. Nf1 Be7 16. g3 Nf8 17. Ne3 cxd4 18. cxd4 Nh7 19. h4 Nf8 20. Ba3 Bxa3 21.
Rxa3 Qe7 22. Raa1 Nh7 23. Rec1 Kd7 24. Qd2 Rxc1+ 25. Rxc1 Rc8 26. Rxc8 Bxc8 27. Qc3 Kd8 28. Qc6 Qc7 29. Qxc7+ Kxc7 30. Bxf5 exf5 31. Ng2 Be6 32. Nf4 Nf8 33. Ng5 Kd8 34. Kf1 Ke7 35. Ke2 Kd7 36. Kd3 Ke7 37. Kc3 Kd7 38. Kd3 Ke7 39. Ke3 Kd7 40.
Nf3 Ke7 41. Ng1 f6 42. exf6+ Kxf6 43. Nge2 Ke7 44. Nc3 Kd6 45. Kd3 Bf7 46. Nd1 Nd7 47. Ne3 Nf6 48. f3 Be8 49. Neg2 Bf7 50. Nh3 Bg8 51. Ngf4 Bf7 52. Ng5 Be8 53. Ke3 Ke7 54. Nge6 Kd6 55. Kd3 Bf7 56. Ng5 Be8 57. Ke3 Ke7 58.
Nd3 Kd6 59. Kf4 Nd7 60. Ke3 Nf6 61. Ne5 Ke7 62. Kf4 Kd6 63. Ngf7+ Ke7 64. Ng5 Kd6 65. Nd3 Nd7 66. g4 fxg4 67. fxg4 Nf6 68. gxh5 Nxh5+ 69. Kg4 Nf6+ 70. Kf4 Nh5+ 71. Ke3 Bd7 72.
Ne5 Bf5 73. Ngf7+ Ke7 74. Kd2 Nf6 75. Nh8 Ne4+ 76. Ke3 Nc3 77. Nhxg6+ Kf6 78. Nf4 Be4 79. Nd7+ Kf5 80. Nxb6 Kg4 81. h5 Kg5 82. Nd7 Nxa4 83. b6 Bf5 84. b7 Bxd7 85. b8=Q 1-0

[Event "Early-Titled-Tuesday-Blitz-April-23-2024"]
[Site "Chess.com"]
[Date "2024.04.23"]
[Round "5"]
[White "GlavkonVVS"]
[Black "McCarthyStone"]
[Result "1-0"]
[WhiteElo "2600"]
[BlackElo "2406"]
[TimeControl "180+1"]
[EndTime "8:58:52 PDT"]
[Termination "GlavkonVVS won by checkmate"]

1. c4 d6 2. Nc3 e5 3. g3 f5 4.
Bg2 Be7 5. d3 Nf6 6. Rb1 O-O 7.
b4 Qe8 8. Nf3 Kh8 9. h4 a5 10.
b5 Nbd7 11. Ba3 Rb8 12. Ng5 Bd8 13. e3 Ng4 14. Nd5 h6 15. Nf3 b6 16. Bb2 Nc5 17. O-O Qg6 18. d4 Ne4 19. dxe5 Ngxf2 20. Rxf2 Qxg3 21.
Qe1 Qg4 22. Rd2 Nxd2 23. Qxd2 Bxh4 24. Nxh4 Qxh4 25. Qd4 Qxd4 26. Bxd4 dxe5 27. Bxe5 Be6 28. Bxc7 Rbc8 29. Rc1 Rf7 30. Bxb6 Rb7 31. Bxa5 Rxb5 32. cxb5 Rxc1+ 33. Kh2 Rc2 34. Nb4 Rb2 35. b6 Bc8 36. Kg3 g5 37. b7 Bxb7 38. Bxb7 Kh7 39. a3 Rb3 40. a4 Rxe3+ 41. Kf2 Ra3 42. Bc6 Kg6 43.
Nd5 h5 44. Bb4 Ra2+ 45. Kf1 h4 46. Nc3 Ra1+ 47. Kg2 Rb1 48. Nxb1 g4 49. Bd6 Kg5 50.
Nd2 f4 51. Ne4+ Kf5 52. Bd7+ Kxe4 53. Bxg4 Kd5 54. Bxf4 Kc5 55. Bd2 Kb6 56. Kh3 Ka6 57. Kxh4 Kb6 58. Kg5 Ka6 59. Kf6 Kb7 60. Ke5 Ka6 61.
Kd5 Ka7 62. Kc5 Ka8 63. a5 Ka7 64. Kb5 Ka8 65. a6 Ka7 66. Be3+ Ka8 67. Bf3+ Kb8 68.
Bf4+ Ka7 69. Be3+ Kb8 70. Bb6 Kc8 71. a7 Kd7 72. a8=Q Ke6 73. Qd5+ Ke7 74. Be4 Kf6 75.
Bd4+ Ke7 76. Qe5+ Kf8 77. Qf6+ Ke8 78. Bc6# 1-0

[Event "Early-Titled-Tuesday-Blitz-April-23-2024"]
[Site "Chess.com"]
[Date "2024.04.23"]
[Round "5"]
[White "mbojan"]
[Black "js20000"]
[Result "1-0"]
[WhiteElo "2923"]
[BlackElo "2741"]
[TimeControl "180+1"]
[EndTime "8:58:53 PDT"]
[Termination "mbojan won on time"]

1. a3 a6 2. h3 h6 3. e4 e6 4. c4 c5 5. Nf3 Nc6 6. Nc3 Nd4 7. Nxd4 cxd4 8. Ne2 e5 9. d3 d6 10. g3 Ne7 11. Bg2 b5 12. b3 Nc6 13.
O-O Be7 14. f4 O-O 15. Bd2 Rb8 16. Rb1 a5 17. a4 bxa4 18. bxa4 Bd7 19. Qc2 Nb4 20.
Bxb4 axb4 21. Nc1 Qa5 22. Nb3 Qxa4 23. Ra1 Qc6 24. Ra7 Ra8 25. Rfa1 Rxa7 26. Rxa7 Ra8 27. Rxa8+ Qxa8 28. Kh2 Qa3 29. Bf3 Ba4 30. Bd1 exf4 31. gxf4 Bxb3 32. Qxb3 Qc1 33. f5 Qd2+ 34. Kg1 Bg5 35. Qc2 Be3+ 36. Kf1 Qc3 37. Ke2 Bf4 38. Qxc3 dxc3 39. d4 Kf8 40. Kd3 Ke7 41. c5 dxc5 42.
dxc5 Kd7 43. Kc4 Be5 44. Kxb4 Kc7 45. Kc4 g5 46. fxg6 fxg6 47. Kd5 Bf4 48. e5 Kd7 49. Ba4+ Ke7 50. c6 c2 51. Bxc2 Bd2 52. Bxg6 Ba5 53.
Bf5 Bc7 54. Bd7 Bb8 55. Ke4 Bc7 56. Kf5 Bb8 57. h4 Bc7 58. h5 Bb8 59. Ke4 Bc7 60. Kd5 Bb8 61. e6 Bc7 62. Kc5 Bf4 63. Kd4 Bc7 64. Ke4 Bb8 65. Kf5 Bc7 66. Kg6 Bf4 67. Kg7 Bc7 68. Kxh6 Kf6 69. Kh7 1-0

[Event "Early-Titled-Tuesday-Blitz-April-23-2024"]
[Site "Chess.com"]
[Date "2024.04.23"]
[Round "5"]
[White "Kimkibo"]
[Black "HATilay"]
[Result "1-0"]
[WhiteElo "2436"]
[BlackElo "2638"]
[TimeControl "180+1"]
[EndTime "8:58:53 PDT"]
[Termination "Kimkibo won by checkmate"]

1. d4 Nf6 2. Nf3 d5 3. Bf4 c5 4. e3 Nc6 5. Nbd2 e6 6. c3 cxd4 7. exd4 Nh5 8. Be3 Bd6 9. Bd3 Nf4 10. Bxf4 Bxf4 11. Nb3 O-O 12. O-O a5 13. Bc2 b6 14. Nc1 Ba6 15. Bd3 Bxd3 16. Nxd3 Bd6 17. Nfe5 Bxe5 18. Nxe5 Nxe5 19. dxe5 b5 20. Qd4 Rc8 21.
a3 Rc4 22. Qd3 Qb8 23. f4 g6 24. h4 b4 25. axb4 axb4 26. h5 bxc3 27. bxc3 Qb2 28. Qg3 Rxc3 29. Qg5 Rc2 30. h6 Rfc8 31. Kh1 Qb4 32. Qf6 Qf8 33. Qg5 d4 34. Rad1 Rd8 35.
Rd3 Rc3 36. Rfd1 Rxd3 37. Rxd3 Rd5 38. Kh2 f6 39. Qh4 fxe5 40. fxe5 Qf5 41. Qe7 Qf7 42. Qb4 g5 43. Rg3 Rxe5 44. Qb8+ Qf8 45. Qxe5 Qxh6+ 46. Kg1 Kf7 47. Qxg5 Qxg5 48. Rxg5 Kf6 49. Rg8 e5 50.
Kf2 h6 51. Rd8 Kf5 52. Kf3 e4+ 53. Kf2 d3 54. Ke3 Kg4 55. Kxe4 Kg3 56. Rxd3+ Kxg2 57. Kf4 h5 58. Kg5 h4 59. Kxh4 Kf2 60. Kg4 Ke2 61.
Rh3 Kf2 62. Kf4 Kg2 63. Rf3 Kh2 64. Rg3 Kh1 65. Kf3 Kh2 66. Kf2 Kh1 67. Rh3# 1-0

[Event "Early-Titled-Tuesday-Blitz-April-23-2024"]
[Site "Chess.com"]
[Date "2024.04.23"]
[Round "5"]
[White "subham777"]
[Black "kekic76"]
[Result "0-1"]
[WhiteElo "2535"]
[BlackElo "2362"]
[TimeControl "180+1"]
[EndTime "8:58:53 PDT"]
[Termination "kekic76 won by checkmate"]

1. e4 c6 2. c4 d5 3. cxd5 cxd5 4. exd5 Nf6 5. Nc3 Nxd5 6. Nf3 Nc6 7. Bc4 Nxc3 8.
bxc3 e6 9. d4 Be7 10. O-O O-O 11.
Re1 b6 12. Bd3 Bb7 13. Bf4 h6 14. Qe2 Bd6 15. Be3 Ne7 16. Nd2 Nd5 17. Ne4 Nxe3 18. Qxe3 Bc7 19. Rad1 Qh4 20. Ng3 Qg4 21. Be2 Qg6 22.
Bf3 Bxf3 23. Qxf3 Bxg3 24. hxg3 Rac8 25. Re4 Rxc3 26. Qe2 Rfc8 27. Rg4 Qc2 28. Rd2 Qb1+ 29. Rd1 Rc1 30. Rxg7+ Kxg7 31. Qe5+ Kg8 32. Kh2 Rxd1 33.
g4 Rh1+ 34. Kg3 Qd3+ 35. f3 Qf1 36. Qd6 Qe1+ 37. Kf4 Qd2+ 38. Kg3 Qe1+ 39. Kf4 Qf2 40. Qd7 Rf8 41. Qd6 Qxg2 42. Qe7 Qh2+ 43. Ke3 Re1+ 44. Kd3 Qe2+ 45. Kc3 Rc8+ 46. Kb4 Qb2+ 47. Ka4 Qxa2+ 48. Qa3 Rc4+ 49. Kb5 Qxa3 50. d5 Qc5+ 51. Ka6 Qa5+ 52. Kb7 Rc7+ 53. Kxc7 Qxd5 54. f4 Rc1+ 55. Kb8 Qd8+ 56.
Kb7 Qd7+ 57. Ka6 Qa4+ 58. Kb7 b5 59. g5 b4 60. f5 Qb5+ 61. Ka8 Rc8+ 62. Kxa7 Qa5+ 63.
Kb7 Rc7+ 64. Kb8 Qa7# 0-1

[Event "Early-Titled-Tuesday-Blitz-April-23-2024"]
[Site "Chess.com"]
[Date "2024.04.23"]
[Round "5"]
[White "MFatigue"]
[Black "LaPiToB"]
[Result "1-0"]
[WhiteElo "2557"]
[BlackElo "2294"]
[TimeControl "180+1"]
[EndTime "8:58:58 PDT"]
[Termination "MFatigue won by resignation"]

1. e4 c6 2. Bc4 d5 3. Bb3 dxe4 4.
Qh5 e6 5. Nc3 Nf6 6. Qh4 Be7 7.
Nxe4 Nxe4 8. Qxe4 Nd7 9. d4 Nf6 10. Qe3 Qb6 11. Nf3 c5 12. O-O cxd4 13. Qxd4 Qxd4 14.
Nxd4 Bd7 15. h3 Rc8 16. Be3 a6 17. a4 O-O 18. c3 Rfd8 19. Rfd1 Be8 20. g4 Nd5 21.
Bxd5 Rxd5 22. Nf3 Rxd1+ 23. Rxd1 Bxa4 24. Ra1 Be8 25. Bb6 f6 26. Rd1 e5 27. Kf1 Kf7 28.
Ke1 Bc6 29. Ke2 Bb5+ 30. Ke3 Rc6 31. Ba7 Rc8 32. Bb6 Ke6 33. Nh4 g6 34. Ng2 Bc6 35.
Ne1 f5 36. f4 exf4+ 37. Kxf4 g5+ 38. Ke3 f4+ 39. Kf2 Ba4 40. Rd4 Bb5 41. Re4+ Kf7 42. Nf3 h6 43. Re5 Rc6 44. Bd4 Bf6 45. Rf5 Kg7 46. h4 Bxd4+ 47. Nxd4 Rd6 48. hxg5 hxg5 49. Rxg5+ Kh6 50. Rh5+ Kg6 51. Nxb5 axb5 52. Rxb5 b6 53. Kf3 Rf6 54. Rb4 Kg5 55. Rb5+ Kg6 56. b3 Rc6 57. c4 Rf6 58. Re5 Rd6 59. Kxf4 Rd3 60. Re3 Rd4+ 61. Kf3 Rd6 62. Rc3 Kg5 63. Re3 Rf6+ 64.
Kg3 Rd6 65. Re5+ Kf6 66. Rb5 Kg6 67. g5 Re6 68. Kf4 Rd6 69. Ke4 Re6+ 70. Kd4 Rd6+ 71.
Kc3 Rc6 72. Kb4 Re6 73. Rd5 Rc6 74. Kb5 Re6 75. b4 Kh5 76. Rf5 Kg6 77. Rf6+ Rxf6 78. gxf6 Kxf6 79. Kxb6 1-0

[Event "Early-Titled-Tuesday-Blitz-April-23-2024"]
[Site "Chess.com"]
[Date "2024.04.23"]
[Round "5"]
[White "UnTucopalaTimba"]
[Black "klercaku"]
[Result "0-1"]
[WhiteElo "2020"]
[BlackElo "2260"]
[TimeControl "180+1"]
[EndTime "8:59:02 PDT"]
[Termination "klercaku won on time"]

1. e4 e5 2. Nf3 Nc6 3. Bb5 a6 4. Ba4 Nf6 5. O-O b5 6. Bb3 Be7 7. Re1 d6 8. c3 O-O 9. h3 Na5 10. Bc2 c5 11. d4 Qc7 12. d5 c4 13. Be3 Nb7 14. a4 Bd7 15. Na3 Rfe8 16. Nb1 h6 17.
Nbd2 Nc5 18. Qe2 Bf8 19. Reb1 Rec8 20. Ra3 Nxa4 21. Bxa4 bxa4 22. Rba1 Rab8 23. R1a2 Bb5 24. Nh4 Nd7 25. Nf5 Nc5 26. Qg4 Kh7 27. Ng3 Bd7 28. Qf3 Bb5 29. Bxc5 dxc5 30. Nf5 g6 31. Ne3 Kg7 32.
Nexc4 Bd6 33. Ne3 Bd7 34. Ndc4 Bb5 35. Nxd6 Qxd6 36. g3 c4 37. Ra1 Bd7 38. R1a2 Rb3 39. Rxb3 cxb3 40. Ra1 Bb5 41. Qd1 Rc5 42. Qd2 Bd7 43.
Kg2 Kh7 44. Qe2 Bb5 45. Qf3 Kg7 46. Ng4 Rc7 47. Ne3 h5 48. Qd1 Rc5 49. Qd2 a5 50. Rc1 Rc7 51. Qd1 Bd7 52. Qd2 Rc5 53. Ra1 Qc7 54. Rc1 Qc8 55. c4 Bxh3+ 56. Kh2 Bg4 57. Qc3 Bf3 58. Qxe5+ Kh7 0-1

[Event "Early-Titled-Tuesday-Blitz-April-23-2024"]
[Site "Chess.com"]
[Date "2024.04.23"]
[Round "5"]
[White "Rodalquilar"]
[Black "Prizant_academy"]
[Result "0-1"]
[WhiteElo "2729"]
[BlackElo "2938"]
[TimeControl "180+1"]
[EndTime "8:59:03 PDT"]
[Termination "Prizant_academy won on time"]

1. d4 d5 2. Nf3 Nf6 3. Bf4 c5 4. e3 Nc6 5. c3 Qb6 6. Qc2 g6 7. h3 Bg7 8. Nbd2 O-O 9. Be2 Bf5 10. dxc5 Qxc5 11. Qb3 Na5 12. Qd1 Qb6 13. Qc1 Rac8 14. O-O Nd7 15. Nh4 Be4 16. Bh2 Nc6 17. Rd1 Nc5 18. Nhf3 Bf5 19. Nh4 Nd3 20. Bxd3 Bxd3 21. Nhf3 Rfd8 22. Nb3 Be2 23. Re1 Bxf3 24. gxf3 e6 25.
Qb1 Qa6 26. Nd4 Na5 27. Kg2 Nc4 28. a3 Qb6 29. Ra2 a5 30. Ne2 Qb3 31. Nc1 Qb6 32.
Ne2 e5 33. Rd1 Qe6 34. b3 Nb6 35. Rad2 Bf6 36. c4 dxc4 37. Rxd8+ Rxd8 38. Rxd8+ Bxd8 39. bxc4 f6 40. c5 Qc4 41. cxb6 Qxe2 42. Qb3+ Kf8 43. Qe6 Qa6 44. Qd7 Qxb6 45. Qxh7 g5 46. Qh8+ Ke7 47. Qg7+ Ke6 48. h4 gxh4 49. Qg4+ Kd6 50. Qxh4 Qc6 51. Qh8 Be7 52. Bg3 b5 53. Qb8+ Kd5 54. Qa7 Bc5 55.
Qxa5 Kc4 56. Qd2 Bxa3 57. Qc2+ Kd5 58. Qe4+ Kc5 59. Qf5 Kb6 60. Kf1 b4 61. f4 b3 62.
fxe5 b2 0-1

[Event "Early-Titled-Tuesday-Blitz-April-23-2024"]
[Site "Chess.com"]
[Date "2024.04.23"]
[Round "5"]
[White "ChessSG1"]
[Black "yaguigor"]
[Result "0-1"]
[WhiteElo "2411"]
[BlackElo "2605"]
[TimeControl "180+1"]
[EndTime "8:59:03 PDT"]
[Termination "yaguigor won on time"]

1. c4 c6 2. Nf3 d5 3. g3 Nf6 4. Bg2 Bg4 5. Ne5 Be6 6. O-O dxc4 7. Na3 Qd4 8. Nf3 Qc5 9. Qc2 Nbd7 10. d3 cxd3 11.
Qxd3 Bf5 12. Qb3 Qb6 13. Qd1 e6 14. Nc4 Qa6 15. Nd6+ Bxd6 16. Qxd6 Ne4 17. Qd4 Nef6 18. Nh4 O-O 19. e4 Bg6 20. Nxg6 hxg6 21. Bg5 e5 22. Qc3 Rfe8 23. Rfd1 Qb6 24. Be3 Qc7 25.
Bh3 Rad8 26. f3 Nb6 27. b3 Nc8 28. Bc5 b6 29. Be3 Rd6 30. Rxd6 Nxd6 31. Rc1 c5 32. b4 c4 33. b5 Nd7 34. Qb4 Nc5 35. Bxc5 bxc5 36. Qa4 Rb8 37. Bf1 Rxb5 38. Bxc4 Rb4 39. Qa6 Qb6 40. Qxb6 axb6 41. Bd5 Kf8 42. Rc2 Ke7 43.
Kf2 g5 44. Ke3 g6 45. h4 gxh4 46. gxh4 f5 47. exf5 Nxf5+ 48. Kf2 Rxh4 49. Rb2 Rb4 50. Rd2 Nd4 51. Ke3 Kf6 52. Be4 Ra4 53. Rg2 Ra3+ 54. Kf2 g5 55. Kg1 Nxf3+ 56. Bxf3 Rxf3 57. Rb2 Kf5 58. Rxb6 Ra3 59. Rc6 Rxa2 60. Rxc5 Kf4 61. Rc8 e4 62. Rf8+ Ke3 63. Rf5 Ra1+ 64. Kg2 Ke2 65. Rxg5 e3 66. Rb5 Ra2 0-1

[Event "Early-Titled-Tuesday-Blitz-April-23-2024"]
[Site "Chess.com"]
[Date "2024.04.23"]
[Round "5"]
[White "mapleaff"]
[Black "MaxLeto"]
[Result "0-1"]
[WhiteElo "2254"]
[BlackElo "2436"]
[TimeControl "180+1"]
[EndTime "8:59:05 PDT"]
[Termination "MaxLeto won by resignation"]

1. d4 h5 2. c4 h4 3. h3 d6 4. Nc3 e5 5. dxe5 dxe5 6. Qxd8+ Kxd8 7. Nf3 f6 8. e4 c6 9. Be3 Be6 10. O-O-O+ Kc7 11. Be2 Nd7 12. b3 Ba3+ 13. Kc2 g5 14.
Nh2 Nh6 15. Ng4 Nf7 16. f3 Rhd8 17. Bf2 a5 18. Ne3 Nf8 19. Rxd8 Rxd8 20. Rd1 Ng6 21. Rxd8 Nxd8 22. Ng4 Bxg4 23. hxg4 Ne6 24. Bf1 Ngf4 25. Ne2 Nxe2 26. Bxe2 Bc5 27. Be1 b6 28. Bf1 Be3 29.
g3 hxg3 30. Bxg3 Nd4+ 31. Kd3 Bf4 32. Bxf4 gxf4 33. Be2 Kd6 34. Bd1 Ke7 35. a3 Kf7 36. b4 axb4 37. axb4 Kg6 38. Kd2 Kg5 39. Ke1 Kh4 40.
Kf2 Kh3 41. Ba4 c5 42. bxc5 bxc5 43. Bd7 Kh2 44. Bc8 Nc2 45. Be6 Ne3 46. Bf7 Nd1+ 47. Ke2 Nc3+ 48. Kf2 Na4 49. Be6 Nb2 50. Bf7 Nd1+ 51.
Ke2 Ne3 52. Kf2 Kh3 53. Be6 Kh4 54. Bf7 Nc2 55. Be6 Nd4 56. Bf7 Kg5 57. Bd5 Kh6 58.
Kg2 Kg7 59. Bb7 Kf8 60. Bd5 Ke7 61. Bg8 Kd6 62. Bf7 Kc7 63. Bg8 Kb6 64. Kh3 Nxf3 65.
g5 Nxg5+ 66. Kg4 Nxe4 67. Kf5 Nd6+ 68. Kxf6 f3 69. Kxe5 f2 0-1

[Event "Early-Titled-Tuesday-Blitz-April-23-2024"]
[Site "Chess.com"]
[Date "2024.04.23"]
[Round "5"]
[White "Barath1308"]
[Black "GalaxyRoman"]
[Result "1/2-1/2"]
[WhiteElo "2534"]
[BlackElo "2777"]
[TimeControl "180+1"]
[EndTime "8:59:08 PDT"]
[Termination "Game drawn by repetition"]

1. Nf3 Nf6 2. d4 g6 3. g3 Bg7 4. Bg2 O-O 5. O-O d5 6. c4 dxc4 7. Nc3 Nc6 8. e3 Bf5 9. Re1 Bd3 10. b3 e5 11. Bb2 exd4 12. exd4 Nxd4 13. Nxd4 Qxd4 14. Bxb7 Rad8 15. Na4 Qd6 16. Bg2 h5 17. Be5 Qd7 18. Nc5 Qb5 19. Nxd3 cxd3 20. Bxc7 Rd7 21.
Be5 Re8 22. Bc3 Rxe1+ 23. Qxe1 Qb6 24. Rd1 Rd8 25. Bf1 Re8 26. Qd2 Ne4 27. Ba5 Qc5 28. b4 Qf5 29. Qf4 Qxf4 30. gxf4 d2 31. f3 Nd6 32. Rxd2 Nf5 33. Rd8 Rxd8 34. Bxd8 Bd4+ 35. Kh1 Kf8 36. Bd3 Nd6 37. a4 Ke8 38. Bc7 Kd7 39.
Bxd6 Kxd6 40. Kg2 Bc3 41. b5 Bd2 42. Kg3 Ke6 43. Bc4+ Kf6 44. Bd5 Ba5 45. Bc4 Bc7 46.
h4 Kg7 47. Bd5 f6 48. Be6 g5 49. hxg5 fxg5 50. Kh3 Bxf4 51. a5 Bc7 52. a6 Kf6 53.
Bd5 Kf5 54. Bc6 Kf4 55. Kg2 Bb6 56. Kh3 Bc5 57. Kg2 Bb6 58. Kh3 Bd8 59. Kg2 g4 60.
fxg4 hxg4 61. Be8 Bb6 62. Bc6 g3 63. Be8 Bf2 64. Bc6 Ke5 65. Be8 Kd6 66. Bg6 Kc5 67. Bd3 Kd4 68. Be2 Kc3 69. Bf3 Kb4 70. Bc6 Kc5 71.
Be8 Kb6 72. Bc6 Kc7 73. Be8 Kd6 74. Bc6 Ke7 75. Bb7 Kd7 76. Bc6+ Kc7 77. Be8 Kb6 78. Bc6 Be1 79. Be8 Bf2 1/2-1/2

[Event "Early-Titled-Tuesday-Blitz-April-23-2024"]
[Site "Chess.com"]
[Date "2024.04.23"]
[Round "5"]
[White "Seochesspie"]
[Black "NikitaShnadrygin"]
[Result "0-1"]
[WhiteElo "2892"]
[BlackElo "2699"]
[TimeControl "180+1"]
[EndTime "8:59:09 PDT"]
[Termination "NikitaShnadrygin won on time"]

1. c4 Nf6 2. Nc3 d5 3. cxd5 Nxd5 4. e4 Nxc3 5. bxc3 c5 6. d4 g6 7. Bc4 Bg7 8. Ne2 cxd4 9. cxd4 Nc6 10. Be3 Qa5+ 11.
Bd2 Qd8 12. d5 Ne5 13. Bb5+ Bd7 14. Bxd7+ Qxd7 15. O-O O-O 16. Bc3 Rfc8 17. Qb3 Rc7 18. f4 Nc4 19. Bxg7 Kxg7 20. Rad1 Qd6 21. Kh1 Qb6 22. Rc1 Rac8 23. Qd3 Nb2 24. Qd2 Nc4 25. Qd3 Qe3 26. Rcd1 Qxd3 27. Rxd3 Nd6 28. e5 Ne4 29.
Ng3 Rc1 30. Kg1 Rxf1+ 31. Kxf1 Nc5 32. Rc3 f5 33. Ke2 b6 34. Ke3 Rd8 35. Kd4 Ne6+ 36.
Ke3 Rxd5 37. Ne2 Rc5 38. Rd3 Kf7 39. h3 Ra5 40. a3 Nc5 41. Rc3 Ne4 42. Rd3 Nc5 43.
Rc3 Ne6 44. g4 Ra4 45. Kf3 Nd4+ 46. Nxd4 Rxd4 47. Ke3 Ra4 48. gxf5 gxf5 49. h4 Kg6 50.
Kf3 e6 51. Rc6 Rxa3+ 52. Kg2 Kf7 53. Rc7+ Kg6 54. Re7 Kh5 55. Rxe6 Kxh4 56. Re7 Kg4 57. Rxh7 Kxf4 58. e6 a5 59. Rb7 Rb3 60. e7 Re3 61.
Kf2 a4 62. Rxb6 Rxe7 63. Ra6 Re4 64. Ra5 Rb4 65. Ke2 Ke4 66. Kf2 f4 67. Ra8 Kd3 68. Kf3 Kc3 69. Ra7 Kb2 0-1

[Event "Early-Titled-Tuesday-Blitz-April-23-2024"]
[Site "Chess.com"]
[Date "2024.04.23"]
[Round "5"]
[White "AradNazari"]
[Black "FGHSMN"]
[Result "1-0"]
[WhiteElo "2733"]
[BlackElo "2907"]
[TimeControl "180+1"]
[EndTime "8:59:11 PDT"]
[Termination "AradNazari won on time"]

1. e4 e5 2. f4 exf4 3. Nf3 d6 4. Bc4 Bg4 5. d4 Nf6 6. Nc3 g5 7. h4 Nh5 8. hxg5 Nc6 9. Rh4 Qc8 10. Nd5 Bg7 11. c3 h6 12. gxh6 Rxh6 13. Qd3 Ne7 14. Nxc7+ Qxc7 15. Rxg4 Ng6 16. Bb5+ Kf8 17. Bd2 Nf6 18.
Rxg6 Rxg6 19. O-O-O Rxg2 20. Bxf4 Qb6 21. e5 Nd5 22.
Bd2 dxe5 23. dxe5 Ne7 24. Bc4 Qg6 25. Qd7 Qc6 26. Qxc6 Nxc6 27. Rf1 Rd8 28. Bxf7 Ke7 29.
Bb3 Rdxd2 30. Nxd2 Bh6 31. Rd1 Nxe5 32. Bd5 Rf2 33. Kc2 Kd6 34. Bxb7 Nc4 35. b3 Nxd2 36. c4 Kc5 37. Kc3 Rh2 38. b4+ Kb6 39. Bd5 Bg7+ 40.
Kd3 Bh6 41. a4 Rh3+ 42. Kc2 Ra3 43. a5+ Kc7 44. Rh1 Ra2+ 45. Kd3 Ra3+ 46. Kc2 Ra2+ 47. Kd3 Bf4 48. Rh7+ Kd6 49. Rxa7 Nb1 50. Ra6+ Ke5 51. Re6+ Kf5 52. c5 Rd2+ 53. Kc4 Na3+ 54. Kb3 Rxd5 55. Rb6 Rd3+ 56. Ka4 Nc4 57. Rb7 Ke6 58. a6 Kd5 59. Rd7+ Bd6 60. a7 Ra3+ 61. Kb5 Ke6 62. Rb7 Ne5 63. cxd6 Kxd6 64. Rb6+ Kc7 65. Ra6 Rxa6 66. Kxa6 1-0